Map: Echo LE (Void)

Players

Sioux

  • Race: Protoss Protoss

Puppytherapy - Winner!

  • Race: Protoss Protoss

VOD

Have the link to the VOD?

Description

Time

  • Played on: May 1, 2015, 1:01 p.m.
  • Length: 4:29
Show
View Real Time Build Order
Export as new Build Order

Sioux Protoss 

Build Orders:  

Get SALT Encoding   

  12  0:02  Probe  
  13  0:12  Pylon  
  13  0:18  Probe  
  14  0:30  Probe  
  14  0:34  Gateway  
  15  0:40  Assimilator  
  15  0:43  Probe (Chrono Boost)  
  16  0:53  Probe (Chrono Boost)  
  16  0:55  Pylon  
  17  1:00  Probe  
  18  1:12  Probe  
  19  1:21  Cybernetics Core  
  19  1:30  Gateway  
  19  1:33  Assimilator  
  19  1:34  Probe (Chrono Boost)  
  20  1:45  Probe (Chrono Boost)  
  21  1:52  Probe (Chrono Boost)  
  22  1:57  Stalker, Warp Gate (Chrono Boost)  
  24  2:05  Probe  
  24  2:08  Forge  
  25  2:17  Probe  
  26  2:26  Pylon  
  27  2:30  Mothership Core  
  27  2:33  Stalker  
  29  2:39  Pylon  
  29  2:46  Photon Cannon  
  29  3:04  Probe  
  30  3:16  Probe  
  31  3:22  Nexus  
  31  3:29  Stalker (Chrono Boost)  
  28  3:43  Stalker (Chrono Boost)  
  28  3:47  Gateway  
  28  3:56  Mothership Core  
  30  4:13  Stalker  
  32  4:17  Stalker  
Show
View Real Time Build Order
Export as new Build Order

Puppytherapy Protoss - Winner!

Build Orders: Void Ray Opening 

Get SALT Encoding   

  12  0:01  Probe  
  13  0:13  Pylon  
  13  0:20  Probe  
  14  0:32  Gateway  
  14  0:35  Probe  
  15  0:46  Assimilator  
  15  0:47  Probe  
  16  0:51  Assimilator  
  16  0:59  Probe  
  18  1:11  Probe (Chrono Boost)  
  18  1:19  Cybernetics Core  
  18  1:22  Probe (Chrono Boost)  
  19  1:30  Pylon  
  19  1:31  Probe  
  20  1:43  Probe  
  21  1:57  Stalker (Chrono Boost), Stargate  
  24  2:01  Probe  
  24  2:13  Probe  
  24  2:15  Warp Gate (Chrono Boost)  
  25  2:26  Pylon  
  27  2:44  Void Ray (Chrono Boost)  
  25  2:49  Mothership Core  
  31  2:52  Gateway  
  31  3:01  Gateway  
  29  3:36  Void Ray (Chrono Boost)  
  33  3:56  Pylon x2  
  33  4:04  Pylon x2  
  32  4:15  Stalker x2  
  40  4:22  Stalker  
Tags
 
Add a new tag
Caveats
  • Supply blocks, unpowered buildings, or Contaminate may cause inaccurate times.
  • Supply counts are checked every 10 seconds.